 Dungeon Crawl Stone Soup version 0.24.1-11-gbbbb2193e6 (webtiles) character file.

Game seed: 547541865853755303, levelgen mode: deterministic

210 Mrkan the Shield-Bearer (level 5, -5/47 HPs)
             Began as a Gnoll Fighter on May 14, 2020.
             Killed by divine providence
             ... invoked by an orc priest
              (14 damage)
             ... on level 4 of the Dungeon.
             The game lasted 00:03:35 (2555 turns).

Mrkan the Shield-Bearer (Gnoll Fighter)             Turns: 2555, Time: 00:03:36

Health: -5/47      AC: 14    Str: 19    XL:     5   Next: 87%
Magic:  7/7        EV:  5    Int: 11    God:
Gold:   228        SH: 10    Dex: 14    Spells: 7/7 levels left

rFire    . . .     SeeInvis .   a - +0 flail
rCold    . . .     Gourm    .   c - +0 shield
rNeg     . . .     Faith    .   r - +0 plate armour
rPois    .         Spirit   .   (no helmet)
rElec    .         Reflect  .   i - +0 cloak (curse)
rCorr    .         Harm     .   (no gloves)
MR       .....                  (no boots)
Stlth    ..........             (no amulet)
HPRegen  0.15/turn              (no ring)
MPRegen  0.10/turn              (no ring)

@: no status effects
A: distributed training, fangs 1, strong nose
a: no special abilities


You were on level 4 of the Dungeon.
You were hungry.

You visited 1 branch of the dungeon, and saw 4 of its levels.

You collected 228 gold pieces.

Inventory:

Hand Weapons
 a - a +0 flail (weapon)
Armour
 c - a +0 shield (worn)
 i - a cursed +0 cloak (worn)
 r - a +0 plate armour (worn)
Jewellery
 t - an uncursed ring of protection from cold {unknown}
Wands
 v - a wand of paralysis (6)
Scrolls
 e - a scroll of noise {unknown}
 j - 2 scrolls of random uselessness {unknown}
 k - a scroll of amnesia {unknown}
 l - a scroll of fear {unknown}
 m - 5 scrolls of remove curse {unknown}
 p - 4 scrolls of identify {unknown}
 q - a scroll of enchant armour {unknown}
 s - a scroll of magic mapping {unknown}
 w - 2 scrolls of teleportation {unknown}
Potions
 b - a potion of resistance {unknown}
 d - a potion of might
 g - a potion of curing {unknown}
 h - 2 potions of heal wounds {unknown}
 n - 3 potions of lignification {unknown}
 o - a potion of flight {unknown}
 u - a potion of mutation {unknown}
Comestibles
 f - 3 rations


   Skills:
 + Level 6.7 Fighting
 + Level 1.6 Short Blades
 + Level 1.6 Long Blades
 + Level 1.6 Axes
 + Level 4.8 Maces & Flails
 + Level 1.6 Polearms
 + Level 1.6 Staves
 + Level 1.6 Slings
 + Level 1.6 Bows
 + Level 1.6 Crossbows
 + Level 1.6 Throwing
 + Level 6.7 Armour
 + Level 1.6 Dodging
 + Level 1.6 Stealth
 + Level 6.7 Shields
 + Level 1.6 Unarmed Combat
 + Level 1.6 Spellcasting
 + Level 1.3 Conjurations
 + Level 1.3 Hexes
 + Level 1.3 Charms
 + Level 1.3 Summonings
 + Level 1.3 Necromancy
 + Level 1.3 Translocations
 + Level 1.3 Transmutations
 + Level 1.3 Fire Magic
 + Level 1.3 Ice Magic
 + Level 1.3 Air Magic
 + Level 1.3 Earth Magic
 + Level 1.3 Poison Magic
 + Level 1.8 Invocations
 + Level 1.6 Evocations


You had 7 spell levels left.
You didn't know any spells.
Your spell library was empty.

Dungeon Overview and Level Annotations

Branches:
Dungeon (4/15)
 Temple: D:4-7

Altars:

Shops:
D:4 (

Annotations:
D:4 Blork the orc


Innate Abilities, Weirdness & Mutations

Your experience applies equally to all skills.
You have very sharp teeth.
Your uncanny sense of smell can sniff out nearby items.


Message History

You block the orc's attack.
Your shield and plate armour prevent you from hitting the orc.
The orc is moderately wounded.
You block Blork the orc's attack.
The orc priest calls upon Beogh to heal the orc.
The orc's wounds heal themselves!
You block the orc's attack. Something hits you but does no damage.
The orc hits you but does no damage.
You hit the orc but do no damage.
Blork the orc hits you but does no damage.
You block the orc priest's attack. The orc hits you but does no damage.
You block something's attack. The orc hits you but does no damage.
The orc priest hits you.
* * * LOW HITPOINT WARNING * * *
You sock the orc!
You kill the orc!
Blork the orc hits you but does no damage.
Something hits you but does no damage. The orc hits you but does no damage.
The orc priest calls down the wrath of Beogh upon you.
Beogh smites you!
You die...

#.......###...
##.............
.......†#......
##..#....##.....
...#.....#.##..
.....∩......#..
...............
......{o).#....
.......@o###...
.......o#..#...
........#......
.......>.....##
............##
...........##
..##...... ##
#.......


You could see Blork the orc, an orc priest and an orc.

Vanquished Creatures
  A scorpion (D:2)
  5 adders
  3 oozes
  A dart slug (D:1)
  5 leopard geckos
  4 orcs
  A ball python (D:1)
  3 giant cockroaches
  15 goblins
  5 hobgoblins
  12 jackals
  5 quokkas
  8 bats
  4 frilled lizards
  4 kobolds
  11 rats
87 creatures vanquished.

Notes
Turn   | Place    | Note
-------+----------+-------------------------------------------
     0 | D:1      | Mrkan the Gnoll Fighter began the quest for the Orb.
     0 | D:1      | Reached XP level 1. HP: 23/23 MP: 1/1
   155 | D:1      | Reached XP level 2. HP: 23/29 MP: 2/2
   410 | D:1      | Reached XP level 3. HP: 35/35 MP: 3/3
   825 | D:2      | Reached skill level 1 in Invocations
   882 | D:2      | Reached skill level 1 in Short Blades
   882 | D:2      | Reached skill level 1 in Long Blades
   882 | D:2      | Reached skill level 1 in Axes
   882 | D:2      | Reached skill level 1 in Polearms
   882 | D:2      | Reached skill level 1 in Staves
   882 | D:2      | Reached skill level 1 in Slings
   882 | D:2      | Reached skill level 1 in Bows
   882 | D:2      | Reached skill level 1 in Crossbows
   882 | D:2      | Reached skill level 1 in Throwing
   882 | D:2      | Reached skill level 1 in Dodging
   882 | D:2      | Reached skill level 1 in Stealth
   882 | D:2      | Reached skill level 1 in Unarmed Combat
   882 | D:2      | Reached skill level 1 in Spellcasting
   882 | D:2      | Reached skill level 1 in Evocations
   882 | D:2      | Reached XP level 4. HP: 41/41 MP: 5/5
  1135 | D:2      | Reached skill level 1 in Conjurations
  1135 | D:2      | Reached skill level 1 in Hexes
  1135 | D:2      | Reached skill level 1 in Charms
  1135 | D:2      | Reached skill level 1 in Summonings
  1135 | D:2      | Reached skill level 1 in Necromancy
  1135 | D:2      | Reached skill level 1 in Translocations
  1135 | D:2      | Reached skill level 1 in Transmutations
  1135 | D:2      | Reached skill level 1 in Fire Magic
  1135 | D:2      | Reached skill level 1 in Ice Magic
  1135 | D:2      | Reached skill level 1 in Air Magic
  1135 | D:2      | Reached skill level 1 in Earth Magic
  1135 | D:2      | Reached skill level 1 in Poison Magic
  1169 | D:2      | Reached XP level 5. HP: 35/47 MP: 5/7
  2532 | D:4      | Found Numanguch's Weapon Emporium.
  2540 | D:4      | Noticed Blork the orc
  2555 | D:4      | Killed from afar by an orc priest

Levels and vault maps discovered:
D:1:      ncdulo_watergridlock, layout_basic, minmay_misc_feat_roman,
          chequers_serial_rivers_micro_a, serial_park_tiny_pond
D:2:      minmay_chambers_of_ones, layout_loops_ring, skrybe_limestone_x
D:3:      layout_basic
D:4:      layout_cave_pools, marbit_many_paths, serial_shops, shop,
          nicolae_shop_trees, shop, shop, nicolae_shop_statue_plus,
          uniq_blork_the_orc

Skill      XL: |  1  2  3  4 |
---------------+-------------+-----
Invocations    | 1 |  1.8
Short Blades   | 1 |  1.6
Long Blades    | 1 |  1.6
Axes           | 1 |  1.6
Polearms       | 1 |  1.6
Staves         | 1 |  1.6
Slings         | 1 |  1.6
Bows           | 1 |  1.6
Crossbows      | 1 |  1.6
Throwing       | 1 |  1.6
Dodging        | 1 |  1.6
Stealth        | 1 |  1.6
Unarmed Combat | 1 |  1.6
Spellcasting   | 1 |  1.6
Evocations     | 1 |  1.6
Conjurations   | 1 |  1.3
Hexes          | 1 |  1.3
Charms         | 1 |  1.3
Summonings     | 1 |  1.3
Necromancy     | 1 |  1.3
Translocations | 1 |  1.3
Transmutations | 1 |  1.3
Fire Magic     | 1 |  1.3
Ice Magic      | 1 |  1.3
Air Magic      | 1 |  1.3
Earth Magic    | 1 |  1.3
Poison Magic   | 1 |  1.3
Fighting       | |  6.7
Maces & Flails | |  4.8
Armour         | |  6.7
Shields        | |  6.7

Action                   |  1- 3 |  4- 6 || total
-------------------------+-------+-------++-------
Melee: Flail             |    91 |   206 ||   297
       Bite              |    13 |    25 ||    38
  Eat: Chunk             |       |     5 ||     5
Armor: Scale mail        |    33 |    10 ||    43
       Plate armour      |       |    83 ||    83
Dodge: Dodged            |    32 |    54 ||    86
Block: Shield            |    48 |   132 ||   180
